 Dungeon Crawl Stone Soup version 0.29-a0-322-g68df515428 (webtiles) character file.

Game seed: 17067789262824671679

160 RepHenryClay the Twirler (level 5, -6/38 HPs)
             Began as a Demonspawn Gladiator on Apr 9, 2022.
             Shot with an arrow by a centaur (8 damage)
             ... on level 4 of the Dungeon.
             The game lasted 00:02:39 (2228 turns).

RepHenryClay the Twirler (Demonspawn Gladiator)     Turns: 2228, Time: 00:02:40

Health: -6/38      AC:  7    Str: 14    XL:     5   Next: 17%
Magic:  5/5        EV: 10    Int: 10    God:
Gold:   124        SH:  0    Dex: 16    Spells: 4/4 levels left

rFire   . . .      SeeInvis .   b - +2 hand axe (venom)
rCold   . . .      Faith    .   (no shield)
rNeg    . . .      Spirit   .   o - +0 scale mail
rPois   .          Reflect  .   c - +0 helmet
rElec   .          Harm     .   (no cloak)
rCorr   .          Rampage  .   (no gloves)
Will    .....                   (no boots)
Stlth   ..........              (no amulet)
HPRegen 0.12/turn               (no ring)
MPRegen 0.18/turn               (no ring)

@: flying, invisible
A: claws 1, spiny 1, magic regeneration
a: no special abilities


You were on level 4 of the Dungeon.
You visited 1 branch of the dungeon, and saw 4 of its levels.

You collected 124 gold pieces.

Inventory:

Hand Weapons
 a - a +0 quarterstaff
 b - a +2 hand axe of venom (weapon)
Missiles
 d - 2 throwing nets (quivered)
 e - a javelin
 s - 7 poisoned darts
Armour
 c - a +0 helmet (worn)
 k - a +0 ring mail
 n - a +0 leather armour
 o - a +0 scale mail (worn)
Jewellery
 q - a ring of flight
Scrolls
 g - 4 scrolls of teleportation {unknown}
 h - a scroll of fear {unknown}
 j - a scroll of blinking {unknown}
 l - 7 scrolls of identify {unknown}
 m - a scroll of enchant armour {unknown}
 r - 2 scrolls of enchant weapon {unknown}
 t - a scroll of noise {unknown}
Potions
 i - a potion of flight
 p - a potion of lignification {unknown}
 u - a potion of curing
 v - a potion of might {unknown}


   Skills:
 - Level 2.0 Fighting
 + Level 5.4 Staves
 - Level 1.7 Throwing
 - Level 2.6 Dodging


You had 4 spell levels left.
You didn't know any spells.
Your spell library contained the following spells:

 Spells                   Type           Power      Damage    Failure   Level
 Beastly Appendage        Tmut           0%         N/A       86%         1
 Ensorcelled Hibernation  Hex/Ice        0%         N/A       95%         2
 Passwall                 Tmut/Erth      0%         N/A       95%         2
 Wereblood                Tmut           0%         N/A       95%         2
 Spider Form              Tmut/Pois      0%         N/A       99%         3
 Swiftness                Air            0%         N/A       99%         3


Dungeon Overview and Level Annotations

Branches:
Dungeon (4/15)
 Temple: D:4-7

Altars:


Innate Abilities, Weirdness & Mutations

You have sharp fingernails.
You are partially covered in sharp spines.
You regenerate magic rapidly.


Message History

v - a fizzy red potion You see here a frilled lizard skeleton.
Things that are here:
a +0 flail; a +0 ring mail Done exploring.
Done exploring.
Things that are here:
a +0 flail; a +0 ring mail
There is a stone staircase leading down here.
You climb downwards.
There is a stone staircase leading up here.
r - 2 scrolls labelled APTAIRUEPO (gained 1)
You now have 124 gold pieces (gained 11).
A centaur comes into view.
The centaur shouts!
The centaur wields a +0 shortbow.
The centaur shoots an arrow.
The arrow misses you.
The centaur shoots an arrow.
The arrow hits you!
You hear a shout!
Damage: -18%(-7hp) hp: 82%(31hp)
The centaur shoots an arrow.
The arrow hits you!
The centaur shoots an arrow.
The arrow barely misses you.
A goblin comes into view. It is wielding a +2 dagger of draining.
Huge Dmg: -37%(-14hp) hp: 45%(17hp)
The centaur shoots an arrow.
The arrow hits you!
* * * LOW HITPOINT WARNING * * *
The centaur shoots an arrow.
The arrow hits you.
* * * LOW HITPOINT WARNING * * *
Huge Dmg: -42%(-16hp) hp: 3%(1hp) It was a potion of flight.
You feel very buoyant.
You fly up into the air.
The centaur shoots an arrow.
The arrow closely misses you.
It was a potion of curing.
You feel better.
The centaur shoots an arrow.
The arrow hits you!
* * * LOW HITPOINT WARNING * * *
It was a potion of invisibility.
You fade into invisibility!
The centaur shoots an arrow.
The arrow hits you!
You die...

...#.# ..#.#.#
#.....# #..g#.#
#...#.. #...c.#
#..#.# #..#.#
##..#@#####
.#.....#.#.###
#...........#.#
.......#..#.#.#.#####
###.#..#..#.........#
#.#..#..#.#.#.##### #
##.#..#.#.#.#######
#.#..#.#.#.......#
.....#.#.#####.#


You could see a centaur (can't see you).

Vanquished Creatures
  A jelly (D:3)
  Terence (D:2)
  5 adders
  A worm (D:3)
  2 dart slugs (D:3)
  5 orcs (D:3)
  3 endoplasms
  3 giant cockroaches (D:1)
  3 hobgoblins
  4 jackals (D:2)
  7 kobolds
  A quokka (D:1)
  2 ball pythons (D:1)
  2 bats (D:3)
  3 frilled lizards
  4 goblins
  4 rats
51 creatures vanquished.

Notes
Turn   | Place    | Note
-------+----------+-------------------------------------------
     0 | D:1      | RepHenryClay the Demonspawn Gladiator began the quest for
                  | the Orb.
     0 | D:1      | Reached XP level 1. HP: 16/16 MP: 1/1
    81 | D:1      | Reached skill level 3 in Staves
   208 | D:1      | Gained mutation: You are partially covered in sharp spines.
                  | [demonic ancestry]
   208 | D:1      | Reached XP level 2. HP: 22/22 MP: 2/2
   644 | D:2      | Reached XP level 3. HP: 22/27 MP: 3/3
   893 | D:2      | Reached skill level 4 in Staves
   931 | D:2      | Noticed Terence
   949 | D:2      | Killed Terence
   950 | D:2      | Gained mutation: You regenerate magic rapidly. [demonic
                  | ancestry]
   950 | D:2      | Reached XP level 4. HP: 26/33 MP: 4/4
  1263 | D:2      | Found a faded altar of an unknown god.
  1528 | D:3      | Reached skill level 5 in Staves
  1528 | D:3      | Discovered your monstrous ancestry.
  1528 | D:3      | Gained mutation: You have sharp fingernails. [demonic
                  | ancestry]
  1528 | D:3      | Reached XP level 5. HP: 31/38 MP: 5/5
  2220 | D:4      | Noticed a centaur
  2224 | D:4      | HP: 1/38 [centaur/arrow (5)]
  2228 | D:4      | Shot with an arrow by a centaur

Illustrated notes

Levels and vault maps discovered:
D:1:      onia_arrival_mini_spirals, layout_basic, serial_glass,
          glass_columns_a, glass_columns_c
D:2:      minmay_kobold_bridge, layout_basic, hellmonk_ecumenical_altar_run_dry,
          uniq_terence
D:3:      layout_loops_cross
D:4:      layout_basic, nicolae_overflow_hidden_temple, uniq_crazy_yiuf_cottage

Skill      XL: |  1  2  3  4 |
---------------+-------------+-----
Staves         | 3 4 5 |  5.4
Fighting       | |  2.0
Throwing       | |  1.7
Dodging        | |  2.6

Action                   |  1- 3 |  4- 6 || total
-------------------------+-------+-------++-------
Melee: Quarterstaff      |    56 |       ||    56
       Hand axe          |       |    40 ||    40
Throw: Throwing net      |     1 |       ||     1
  Use: Potion            |       |     3 ||     3
 Stab: Sleeping          |     1 |       ||     1
       Held in net/web   |     2 |       ||     2
Armor: Leather armour    |     2 |       ||     2
       Ring mail         |    10 |       ||    10
       Scale mail        |       |    20 ||    20
Dodge: Dodged            |    25 |    31 ||    56

Table legend: (Time is in decaauts)
 A = Elapsed time spent in this place.
 B = Non-inter-level travel time spent in this place.
 C = Inter-level travel time spent in this place.
 D = Time resting spent in this place.
 E = Time spent auto-exploring this place.
 F = Levels seen in this place.
 G = Mean time per level.
                   A        B        C        D        E       F      G
               +--------+--------+--------+--------+--------+-----+--------+
         Total |   2246 |   2187 |     59 |      0 |   1843 |   4 |  561.5 |
       Dungeon |   2246 |   2187 |     59 |      0 |   1843 |   4 |  561.5 |
               +--------+--------+--------+--------+--------+-----+--------+

Top non-repeatable levels by time:
     D:2: 785 daAuts
     D:3: 777 daAuts
     D:1: 639 daAuts
     D:4: 44 daAuts
